 Dungeon Crawl Stone Soup version 0.31.0-9-g3a7656b989 (webtiles) character file.

Game seed: 13451197335683737625

132 Eitelfritz the Trooper (level 5, 0/47 HPs)
             Began as a Hill Orc Fighter on Jan 26, 2024.
             Slain by a gnoll
             ... wielding a +0 club
              (4 damage)
             ... on level 4 of the Dungeon.
             The game lasted 00:03:51 (2623 turns).

Eitelfritz the Trooper (Hill Orc Fighter)           Turns: 2623, Time: 00:03:52

Health: 0/47       AC:  9    Str: 21    XL:     5   Next: 15%
Magic:  5/5        EV:  9    Int:  8    God:
Gold:   170        SH:  4    Dex: 10    Spells: 4/4 levels left

rFire   . . .        a - +1 war axe
rCold   . . .        c - +0 buckler
rNeg    . . .        x - +0 scale mail
rPois   +            (no helmet)
rElec   .            (no cloak)
rCorr   .            (no gloves)
SInv    .            i - +1 pair of boots
Will    .....        (no amulet) Stlth
                     k - ring of poison resistance
HPRegen 0.27/turn    (no ring)
MPRegen 0.09/turn

%: no passive effects
@: mighty, lethally poisoned (0 -> -12)
A: no striking features
a: no special abilities


You were on level 4 of the Dungeon.
You visited 1 branch of the dungeon, and saw 4 of its levels.

You collected 170 gold pieces.

Inventory:

Hand Weapons
 a - a +1 war axe (weapon)
 b - a +0 sling
Armour
 c - a +0 buckler (worn)
 i - a +1 pair of boots (worn)
 o - a +0 chain mail
 x - a +0 scale mail (worn)
Jewellery
 k - a ring of poison resistance (left hand)
 r - a ring of wizardry
Scrolls
 m - 2 scrolls of amnesia
Potions
 e - 2 potions of haste
 j - a potion of invisibility {unknown}
 l - 4 potions of curing
 p - a potion of mutation {unknown}
 z - a potion of degeneration {unknown}


   Skills:
 + Level 4.6 Fighting
 + Level 4.2 Axes
 + Level 4.2 Armour
 + Level 0.4 Dodging
 + Level 0.3 Stealth
 + Level 3.8 Shields


You had 4 spell levels left.
You didn't know any spells.
Your spell library was empty.

Dungeon Overview and Level Annotations

Branches:
Dungeon (4/15)
 Temple: D:4-7

Altars:

Shops:
D:4 !

Annotations:
D:1 1 transporter


Message History

The magic dart hits you but does no damage.
The water moccasin barely misses you.
You feel very mighty all of a sudden.
You feel sick.
The orc wizard mumbles some strange words.
The orc wizard flickers and vanishes!
Deactivating autopickup; reactivate with Ctrl-A.
You block the water moccasin's attack.
You barely miss the water moccasin.
The water moccasin is moderately wounded.
You miss something. You barely miss the orc. You hit the gnoll.
You feel sick. The water moccasin closely misses you.
Something hits you but does no damage. The orc barely misses you.
The gnoll hits you but does no damage. The water moccasin bites you.
The orc completely misses you. The gnoll hits you with a +0 club.
Something hits you.
* * * LOW HITPOINT WARNING * * *
You slice the water moccasin!!
The water moccasin is almost dead.
You closely miss something. You hit the orc. You closely miss the gnoll.
You feel sick.
You are no longer poisoned.
The water moccasin bites you.
* * * LOW HITPOINT WARNING * * *
You are lethally poisoned!
The water moccasin poisons you! The gnoll hits you with a +0 club.
* * * LOW HITPOINT WARNING * * *
You block the orc's attack.
You hear some strange, mumbled words.
Something tries to affect you, but you resist.
The water moccasin barely misses you.
You slash the water moccasin!
You kill the water moccasin!
You hit the gnoll. You hit something.
Reactivating autopickup.
You feel a bit more experienced.
You slash the orc!
You kill the orc!
* * * LOW HITPOINT WARNING * * *
You feel very sick. The gnoll misses you. The gnoll hits you with a +0 club.
You die...

...........##
...........#
...#...>..#.
...........
#8.>.8.....
.####..........
......g∩)......
#......@.......
#....8.<†8.....
###............
##...........
##..........
...........
............
.........##.#
.....##...# ..


You could see a gnoll.

Vanquished Creatures
  A water moccasin (D:4)
  An orc wizard (D:4)
  4 gnolls (D:2)
  5 adders
  A ribbon worm (D:3)
  3 dart slugs
  2 orcs
  6 endoplasms
  2 giant cockroaches (D:3)
  3 goblins
  3 hobgoblins
  4 kobolds
  2 quokkas (D:1)
  A ball python (D:1)
  3 bats
  2 frilled lizards
  A rat (D:2)
44 creatures vanquished.

Notes
Turn   | Place    | Note
-------+----------+-------------------------------------------
     0 | D:1      | Eitelfritz the Hill Orc Fighter began the quest for the
                  | Orb.
     0 | D:1      | Reached XP level 1. HP: 19/19 MP: 1/1
   887 | D:2      | Reached XP level 2. HP: 24/27 MP: 2/2
  1031 | D:2      | Reached XP level 3. HP: 33/33 MP: 3/3
  1090 | D:2      | Reached XP level 4. HP: 22/41 MP: 4/4
  1993 | D:3      | Reached XP level 5. HP: 47/47 MP: 5/5
  2610 | D:4      | Noticed a water moccasin
  2610 | D:4      | Found Cistrosul's Distillery.
  2623 | D:4      | Killed a water moccasin
  2623 | D:4      | Slain by a gnoll

Illustrated notes

Levels and vault maps discovered:
D:1:      spicycebolla_arrival_risky_transporter, layout_loops_corners
D:2:      layout_rooms
D:3:      layout_loops_corners
D:4:      black_bear_nest_1, layout_cave_pools, portal_sewer_entry_f,
          serial_shops, nicolae_stop_n_shop_2

Skill      XL: |  1  2  3  4 |
---------------+-------------+-----
Fighting       | 4 |  4.6
Axes           | 3 4 |  4.2
Armour         | 4 |  4.2
Dodging        | |  0.4
Stealth        | |  0.3
Shields        | |  3.8

Action                     |  1- 3 |  4- 6 || total
---------------------------+-------+-------++-------
  Melee: War axe           |    39 |    73 ||   112
    Use: Scroll            |       |    12 ||    12
         Potion            |       |     1 ||     1
 Armour: Scale mail        |    38 |    68 ||   106
  Dodge: Dodged            |    24 |    37 ||    61
  Block: Buckler           |    16 |    18 ||    34
